Map: Frost LE

Players

SortOf - Winner!

  • Race: Zerg Zerg
  • League: Master

HellraiseR

  • Race: Protoss Protoss
  • League: Master

VOD

Have the link to the VOD?

Description

Time

  • Played on: Oct. 26, 2016, 2:57 a.m.
  • Length: 7:41
Show
View Real Time Build Order
Export as new Build Order

SortOf Zerg - Winner!

Build Orders: Hatch First 

Get SALT Encoding   

  12  0:01  Drone  
  13  0:12  Overlord  
  13  0:17  Drone  
  14  0:31  Drone x2  
  16  0:49  Unknown, Hatchery  
  15  0:52  Drone  
  15  0:56  Drone  
  17  0:59  Drone  
  18  1:10  Extractor  
  17  1:15  Spawning Pool  
  17  1:17  Drone  
  17  1:21  Drone  
  18  1:28  Drone  
  19  1:38  Overlord  
  19  1:49  Drone  
  20  2:01  Unknown, Drone  
  20  2:02  Queen x2  
  20  2:03  Zergling x2  
  26  2:11  Zergling x2  
  26  2:13  Drone  
  26  2:14  Metabolic Boost  
  28  2:21  Drone  
  29  2:25  Zergling x2  
  30  2:35  Drone x2  
  32  2:42  Unknown, Hatchery  
  31  2:47  Overlord  
  31  2:50  Drone  
  32  2:56  Drone  
  33  2:58  Drone  
  33  2:59  Pneumatized Carapace  
  33  3:05  Drone  
  35  3:10  Overlord  
  36  3:12  Zergling x2  
  36  3:13  Zergling x2  
  36  3:14  Drone  
  36  3:16  Drone  
  36  3:19  Drone  
  40  3:20  Drone  
  40  3:26  Drone  
  40  3:27  Drone  
  43  3:35  Zergling x2  
  43  3:36  Queen  
  43  3:39  Drone  
  43  3:40  Drone  
  48  3:44  Drone  
  48  3:46  Evolution Chamber  
  48  3:49  Baneling Nest  
  48  3:54  Unknown  
  48  3:55  Drone  
  48  3:56  Queen, Overlord  
  48  3:58  Drone  
  51  4:05  Zergling x4  
  51  4:06  Spine Crawler, Zergling x2  
  53  4:11  Drone  
  53  4:12  Drone  
  53  4:14  Drone  
  53  4:15  Drone x2  
  58  4:20  Drone x2  
  60  4:28  Zerg Melee Weapons Level 1  
  60  4:31  Overlord  
  60  4:38  Zergling x12  
  66  4:45  Overlord  
  66  4:48  Extractor  
  66  4:49  Baneling  
  66  4:50  Baneling x3  
  65  4:54  Overlord  
  65  4:58  Drone x2  
  65  4:59  Drone  
  69  5:00  Drone  
  69  5:01  Drone x5  
  69  5:04  Spore Crawler  
  69  5:05  Drone  
  74  5:10  Roach Warren  
  74  5:12  Zergling x4  
  75  5:15  Baneling x3  
  75  5:18  Spore Crawler  
  75  5:20  Spore Crawler  
  73  5:24  Queen  
  73  5:26  Zergling x10  
  73  5:27  Baneling  
  73  5:28  Baneling  
  80  5:32  Overlord  
  80  5:34  Zergling x6  
  83  5:40  Overlord x2  
  82  5:43  Extractor  
  82  5:47  Overlord  
  81  5:50  Roach x3  
  81  5:53  Roach x2  
  81  5:54  Roach  
  93  5:58  Zergling x6  
  93  5:59  Zergling x2  
  96  6:06  Overlord  
  96  6:11  Roach x3  
  100  6:15  Drone  
  100  6:16  Drone x3  
  100  6:17  Overlord  
  106  6:20  Queen  
  106  6:29  Overlord  
  106  6:33  Roach x5  
  106  6:37  Overlord  
  116  6:43  Overlord  
  116  6:52  Roach x4  
  116  6:53  Roach x3, Overlord  
  130  6:55  Drone  
  131  7:06  Drone  
  131  7:07  Drone  
  133  7:09  Drone  
  133  7:11  Zergling x2  
  135  7:21  Zergling x18  
  145  7:32  Evolution Chamber  
Show
View Real Time Build Order
Export as new Build Order

HellraiseR Protoss 

Build Orders: 1 Gate Expand, Mass Adepts 

Get SALT Encoding   

  12  0:02  Probe (Chrono Boost)  
  13  0:12  Probe (Chrono Boost)  
  14  0:19  Pylon  
  14  0:23  Probe (Chrono Boost)  
  15  0:37  Probe (Chrono Boost)  
  15  0:41  Gateway  
  16  0:48  Probe (Chrono Boost)  
  16  0:49  Assimilator  
  17  0:58  Probe (Chrono Boost)  
  18  1:09  Probe (Chrono Boost)  
  19  1:22  Nexus, Unknown  
  20  1:25  Probe (Chrono Boost)  
  20  1:35  Cybernetics Core  
  20  1:38  Probe (Chrono Boost)  
  21  1:43  Assimilator  
  21  1:48  Probe (Chrono Boost)  
  21  1:52  Pylon  
  22  1:59  Probe (Chrono Boost)  
  23  2:09  Adept  
  23  2:12  Probe (Chrono Boost)  
  23  2:13  Warp Gate  
  27  2:24  Probe (Chrono Boost)  
  27  2:31  Twilight Council  
  27  2:33  Unknown  
  27  2:34  Probe (Chrono Boost)  
  27  2:35  Probe (Chrono Boost)  
  27  2:36  Adept  
  31  2:45  Probe x2 (Chrono Boost)  
  33  2:54  Resonating Glaives  
  33  2:55  Probe (Chrono Boost)  
  33  2:56  Probe (Chrono Boost)  
  35  3:06  Probe (Chrono Boost)  
  35  3:07  Probe (Chrono Boost)  
  37  3:16  Probe (Chrono Boost)  
  37  3:17  Gateway  
  37  3:18  Gateway  
  39  3:20  Probe (Chrono Boost)  
  39  3:21  Pylon  
  39  3:27  Probe (Chrono Boost)  
  39  3:32  Probe (Chrono Boost)  
  41  3:38  Probe (Chrono Boost)  
  42  3:43  Gateway  
  42  3:44  Gateway  
  42  3:49  Gateway  
  42  3:50  Gateway  
  42  4:02  Probe (Chrono Boost)  
  44  4:03  Probe (Chrono Boost)  
  43  4:11  Pylon  
  43  4:12  Probe (Chrono Boost)  
  43  4:14  Pylon  
  43  4:15  Probe (Chrono Boost)  
  45  4:19  Robotics Facility, Gateway  
  45  4:23  Probe (Chrono Boost)  
  46  4:25  Pylon  
  46  4:29  Adept x3  
  53  4:33  Probe (Chrono Boost)  
  53  4:35  Probe (Chrono Boost), Pylon  
  54  4:49  Nexus, Unknown  
  54  4:50  Adept x2  
  58  4:56  Adept x2  
  58  4:59  Adept  
  64  5:00  Warp Prism  
  66  5:11  Adept x2  
  70  5:14  Pylon  
  70  5:17  Adept  
  72  5:23  Adept x2  
  72  5:26  Adept  
  78  5:35  Gateway  
  78  5:39  Gateway  
  78  5:40  Probe (Chrono Boost)  
  78  5:42  Probe (Chrono Boost)  
  80  5:59  Adept x3  
  80  6:00  Unknown  
  86  6:04  Adept  
  86  6:05  Adept  
  89  6:17  Adept  
  91  6:29  Adept x5  
  91  6:32  Pylon  
  101  6:43  Pylon  
  101  6:45  Pylon  
  101  6:52  Probe (Chrono Boost)  
  102  7:01  Pylon  
  102  7:02  Pylon  
  102  7:03  Adept x2  
  102  7:05  Adept x6  
  120  7:08  Probe (Chrono Boost)  
  120  7:09  Probe (Chrono Boost)  
  120  7:13  Probe (Chrono Boost)  
  121  7:19  Probe (Chrono Boost)  
  122  7:26  Adept x8  
Tags
 
Add a new tag
Caveats
  • Supply blocks, unpowered buildings, or Contaminate may cause inaccurate times.
  • Supply counts are checked every 10 seconds.